Map: Sludge City

Players

Liviu

  • Race: Terran Terran
  • Spawn Location: 5:00

хищник

  • Race: Terran Terran
  • Spawn Location: 5:00

Gracz - Winner!

  • Race: Terran Terran
  • Spawn Location: 9:00

dakutaz - Winner!

  • Race: Terran Terran
  • Spawn Location: 11:00

VOD

Have the link to the VOD?

Description

Time

  • Played on: March 9, 2016, 11:51 a.m.
  • Length: 11:43
Show
View Real Time Build Order
Export as new Build Order

Liviu Terran 

Build Orders:  

Get SALT Encoding   

  12  0:17  Supply Depot  
  12  0:22  Refinery  
  12  0:27  Refinery  
  12  0:30  SCV  
  13  0:42  SCV  
  14  0:54  SCV  
  15  1:04  Supply Depot  
  15  1:06  SCV  
  16  1:18  SCV  
  17  1:30  Barracks  
  17  1:32  SCV  
  18  1:42  Supply Depot  
  18  1:44  SCV  
  19  2:07  SCV  
  20  2:09  Barracks  
  20  2:19  SCV  
  20  2:20  Barracks Reactor  
  21  2:45  Command Center  
  21  2:58  Marine x2  
  21  3:01  Barracks Reactor  
  23  3:16  Marine x2  
  25  3:23  Barracks  
  25  3:30  SCV  
  25  3:34  Marine x2  
  28  3:42  SCV  
  29  3:54  SCV  
  30  3:58  Refinery  
  30  4:06  SCV  
  30  4:08  Marine  
  30  4:09  Marine x3  
  35  4:13  Barracks Reactor  
  35  4:18  SCV  
  35  4:21  SCV  
  37  4:26  Marine x2  
  37  4:27  Marine  
  37  4:30  SCV  
  41  4:33  SCV  
  41  4:38  Factory  
  42  4:42  SCV  
  42  4:45  SCV  
  44  4:52  Refinery  
  44  4:54  SCV  
  44  4:57  SCV  
  46  5:06  SCV  
  47  5:09  Engineering Bay, SCV  
  47  5:14  Marine x6  
  54  5:35  Factory Tech Lab  
  54  5:36  Orbital Command  
  54  5:42  Supply Depot  
  54  5:48  Missile Turret  
  54  6:03  Marine  
  54  6:04  Marine, SCV  
  57  6:06  Supply Depot  
  57  6:08  Missile Turret  
  56  6:21  Marine  
  56  6:22  Marine x5  
  62  6:26  Terran Infantry Weapons Level 1  
  62  6:30  Missile Turret  
  62  6:39  Marine x2  
  63  6:40  Marine x4, Starport  
  68  6:50  Siege Tank  
  71  6:57  Marine x3  
  71  6:58  Marine x3  
  77  7:01  Missile Turret  
  77  7:07  Engineering Bay  
  77  7:15  Marine  
  78  7:21  Marine x5  
  78  7:22  Missile Turret, Siege Tank  
  86  7:23  Orbital Command  
  86  7:47  Supply Depot  
  86  7:48  Starport Reactor  
  86  7:54  Missile Turret  
  86  8:07  Missile Turret  
  86  8:09  Marine x6  
  92  8:14  Missile Turret  
  92  8:17  Terran Infantry Armor Level 1  
  92  8:25  Supply Depot  
  92  8:27  Missile Turret, Marine x2  
  94  8:35  Marine x4  
  94  8:39  Medivac x2  
  102  8:46  Marine x2, SCV  
  105  8:53  Marine x4  
  109  8:58  SCV  
  109  9:01  Supply Depot  
  110  9:04  Marine x2  
  110  9:08  Missile Turret  
  110  9:09  Medivac x2  
  116  9:10  Marine x2  
  116  9:16  Missile Turret  
  118  9:23  Marine x4  
  122  9:25  Supply Depot  
  122  9:28  Missile Turret, Marine x2  
  124  9:32  Supply Depot  
  124  9:36  Missile Turret  
  124  9:39  Medivac  
  124  9:42  Marine  
  124  9:44  Marine x3  
  126  9:46  Marine x2  
  126  9:49  Missile Turret  
  125  9:55  Supply Depot  
  125  10:00  Marine  
  125  10:02  Marine x3  
  125  10:04  Marine x2  
  129  10:18  Marine  
  129  10:20  Marine x3  
  133  10:22  Marine x2  
  133  10:25  Missile Turret  
  135  10:35  Marine  
  135  10:38  Marine x3  
  135  10:39  Marine x2  
  141  10:45  Missile Turret  
  119  10:53  Marine  
  119  10:55  Marine x3  
  102  10:57  Marine x2  
  56  11:11  Marine  
  56  11:13  Marine  
  56  11:14  Marine x2  
  56  11:15  Marine x2  
Show
View Real Time Build Order
Export as new Build Order

хищник Terran 

Build Orders:  

Get SALT Encoding   

  12  0:10  SCV  
  13  0:22  SCV  
  14  0:31  Refinery  
  14  0:34  SCV  
  15  0:57  Refinery  
  15  0:58  Supply Depot  
  15  1:20  Supply Depot  
  15  1:24  Barracks  
  15  1:54  Engineering Bay  
  15  2:19  Orbital Command  
  15  2:58  Barracks Reactor  
  15  3:04  SCV  
  16  3:17  SCV  
  17  3:29  SCV  
  18  3:41  SCV  
  19  3:42  Marine x2  
  21  4:00  Marine x2  
  21  4:02  Command Center  
  23  4:15  SCV  
  24  4:17  Marine x2  
  26  4:27  SCV  
  27  4:35  Marine x2  
  29  4:40  Factory  
  29  4:59  Marine  
  29  5:00  Marine  
  23  5:17  Marine x2  
Show
View Real Time Build Order
Export as new Build Order

Gracz Terran - Winner!

Build Orders:  

Get SALT Encoding   

  12  0:02  SCV  
  13  0:14  SCV  
  14  0:27  Refinery  
  14  0:37  Supply Depot  
  14  0:40  Supply Depot  
  14  0:46  Supply Depot  
  14  1:08  SCV  
  15  1:13  Barracks  
  15  1:20  SCV  
  16  1:32  SCV  
  17  2:06  Barracks  
  17  2:07  Marine  
  18  2:19  Orbital Command  
  18  2:20  Refinery  
  18  2:35  Engineering Bay  
  18  2:40  Engineering Bay  
  18  3:10  Engineering Bay  
  18  3:14  Factory, Barracks Reactor  
  18  3:15  Barracks Reactor  
  18  3:19  SCV  
  19  3:31  SCV  
  20  3:43  SCV  
  20  3:47  Terran Infantry Armor Level 1, Terran Infantry Weapons Level 1  
  21  3:54  Missile Turret, Marine x2  
  21  3:55  Reaper x2  
  25  3:56  SCV  
  25  4:01  Factory Tech Lab  
  26  4:08  SCV  
  27  4:20  Building Armor  
  27  4:27  Marine x2  
  27  4:28  Marine x2  
  31  4:45  Marine x2  
  31  4:46  Marine x2  
  35  5:03  Marine x2  
  35  5:04  Marine x2  
  39  5:21  Marine  
  37  6:08  Marine  
  37  6:09  Marine  
  39  6:14  Supply Depot  
  39  6:16  Marine x2, Siege Tank  
  44  6:25  Armory  
  44  6:26  Marine x2  
  46  6:34  Marine x2  
  48  6:44  Marine x2  
  50  6:52  Marine x2  
  50  6:53  Starport  
  52  7:02  Marine x2  
  52  7:05  Starport  
  52  7:07  Factory  
  54  7:09  Marine x2  
  54  7:12  Armory  
  54  7:14  Starport  
  56  7:19  SCV  
  57  7:31  SCV  
  58  7:39  Starport Tech Lab  
  58  7:44  Starport Tech Lab, SCV  
  59  7:51  Starport  
  59  8:00  Armory  
  59  8:10  SCV  
  60  8:18  Refinery  
  60  8:22  SCV  
  60  8:24  Refinery  
  61  8:28  Command Center  
  61  8:30  Starport Tech Lab  
  61  8:31  Fusion Core  
  61  8:33  Starport Tech Lab  
  61  8:34  SCV  
  62  8:46  SCV  
  63  9:01  Supply Depot  
  63  9:23  SCV, Banshee x2  
  70  9:24  Supply Depot  
  70  9:35  SCV  
  71  9:40  Banshee x2  
  71  9:43  Orbital Command  
  77  9:47  Supply Depot  
  77  10:09  Supply Depot  
  77  10:20  Marine x4  
  81  10:22  Banshee  
  81  10:23  Banshee  
  81  10:25  Medivac  
  81  10:27  Medivac  
  91  10:33  Supply Depot  
  91  10:45  Factory Tech Lab  
Show
View Real Time Build Order
Export as new Build Order

dakutaz Terran - Winner!

Build Orders:  

Get SALT Encoding   

  12  0:01  SCV  
  13  0:14  SCV  
  14  0:21  Supply Depot  
  14  0:26  SCV  
  15  0:42  SCV  
  16  0:45  Barracks  
  16  0:54  Supply Depot, SCV  
  17  1:06  SCV  
  18  1:18  Barracks, SCV  
  18  1:21  Supply Depot  
  19  1:35  Barracks  
  19  1:38  Marine  
  20  1:47  Supply Depot  
  20  2:00  Marine  
  21  2:02  SCV  
  22  2:08  Barracks  
  22  2:17  Marine  
  22  2:19  Refinery  
  23  2:23  Barracks  
  23  2:29  Marine, Engineering Bay  
  24  2:42  Orbital Command  
  24  2:47  Marine x2  
  24  2:48  Marine  
  27  2:55  Marine  
  28  3:05  Marine x3  
  30  3:09  Marine  
  32  3:13  Marine  
  32  3:19  Refinery  
  33  3:22  Marine  
  33  3:23  Marine x2  
  36  3:31  Marine  
  36  3:33  Marine  
  38  3:40  Marine x2  
  40  3:43  Marine  
  41  3:49  Marine  
  41  3:51  Marine  
  43  3:58  Marine x2  
  43  4:01  Terran Infantry Weapons Level 1  
  45  4:48  Marine x2  
  47  4:53  Supply Depot  
  47  5:04  Marine  
  47  5:05  Marine  
  47  5:14  Marine x3  
  47  5:16  Supply Depot  
  50  5:21  Marine  
  50  5:23  Marine  
  52  5:32  Marine x2  
  54  5:40  Marine  
  54  5:41  Marine x2  
  57  5:50  Marine x2  
  59  5:58  Marine x2  
  59  5:59  Marine  
  62  6:07  Marine  
  62  6:08  Marine  
  59  6:18  Factory  
  59  6:46  Marine  
  60  6:48  Barracks Tech Lab  
  60  6:51  Barracks Tech Lab  
  60  6:52  Command Center  
  60  6:53  Terran Infantry Armor Level 1  
  60  7:03  Factory Tech Lab  
  60  7:04  Starport  
  60  7:23  Siege Tank  
  63  7:30  Starport  
  63  7:52  Starport Tech Lab  
  63  8:02  Supply Depot  
  63  8:04  Siege Tank  
  66  8:12  Liberator  
  66  8:25  Supply Depot  
  66  8:28  Starport Tech Lab  
  69  8:49  Supply Depot  
  69  8:53  Ghost Academy  
  69  8:55  Liberator  
  69  8:59  SCV  
  70  9:06  Supply Depot  
  70  9:11  SCV  
  74  9:19  Cloaking Field  
  74  9:23  SCV  
  75  9:28  Supply Depot  
  75  9:51  Supply Depot  
  72  10:13  Supply Depot  
  67  10:30  Medivac  
  48  11:00  Medivac  
Tags
 
Add a new tag
Caveats
  • Supply blocks, unpowered buildings, or Contaminate may cause inaccurate times.
  • Supply counts are checked every 10 seconds.